 Dungeon Crawl Stone Soup version 0.31-a0-848-gaac375c287 (webtiles) character file.

Game seed: 15234364714693639094

28907 croobank the Covert (level 13, -11/165 (171) HPs)
             Began as a Gnoll Delver on Oct 4, 2023.
             Was a High Priest of Ashenzari.
             Mangled by a soul eater (18 damage)
             ... summoned by an orc sorcerer
             ... on level 13 of the Dungeon.
             The game lasted 01:08:38 (13651 turns).

croobank the Covert (Gnoll Delver)                 Turns: 13651, Time: 01:08:39

HP:   -11/165 (171) AC:  7    Str: 19    XL:     13   Next: 41%
MP:   5/29          EV: 15    Int: 13    God:    Ashenzari [*****.]
Gold: 1138          SH: 16    Dex: 14    Spells: 14/37 levels left

rFire   . . .        j - +2 dagger of the Prescient Planets {venom, Cun, Comp} (curse)
rCold   + + .        x - +0 kite shield of Star-Bound Wisdom {Self, Comp} (curse)
rNeg    . . .        p - +1 ring mail of the Tethered Elitism {Self, Elem} (curse)
rPois   .            V - melded +1 hat of Cremastomancy {Range, Self} (curse)
rElec   .            m - melded +0 cloak of Ashenzari's Seer {Dev, Elem} (curse)
rCorr   .            (gloves currently unavailable)
SInv    +            i - melded +0 pair of boots of the Unyielding Gaze {Cun, Bglg} (curse)
Will    +....        I - amulet of the Visionary Sky {Reflect rC+ Regen+ SH+5, Melee, Cun} (curse) Stlth
                     l - ring of the Tethered Visionary {Str+6, Self, Comp} (curse)
HPRegen 1.27/turn    z - ring of Ashenzari's Mistrust {rC+ Will+, Dev, Bglg} (curse)
MPRegen 0.21/turn

%: reflection, clarity
@: mighty, berserking, beast-form, lightly drained, very quick
A: beast (slay +4), fangs 1, strong nose, distributed training
a: Begin Untransformation, Renounce Religion, Curse Item, Shatter the Chains


You were on level 13 of the Dungeon.
You worshipped Ashenzari.
Ashenzari was extremely pleased with you.
You were a hulking beast.
You visited 2 branches of the dungeon, and saw 14 of its levels.

You collected 1399 gold pieces.
You spent 261 gold pieces at shops.

Inventory:

Hand Weapons
 a - a +0 orcbow
 h - a +2 short sword of venom
 j - the cursed +2 dagger of the Prescient Planets (weapon) {venom, Cun, Comp}
   (You found it on level 4 of the Dungeon)

   It has a curse which improves the following skills: Cunning: Dodging and
   Stealth.
   Companions: Summonings and Necromancy.
 S - a +3 long sword of protection
 T - a +3 short sword
 W - a +0 flail of holy wrath
Missiles
 b - 23 boomerangs
 n - 27 poisoned darts (quivered)
 J - 3 atropa-tipped darts
 N - 9 curare-tipped darts
 Z - a throwing net
Armour
 i - the cursed +0 pair of boots of the Unyielding Gaze (melded) {Cun, Bglg}
   (You found it on level 2 of the Dungeon)

   It has a curse which improves the following skills: Cunning: Dodging and
   Stealth.
   Beguiling: Conjurations, Hexes and Translocations.
 m - the cursed +0 cloak of Ashenzari's Seer (melded) {Dev, Elem}
   (You found it on level 3 of the Dungeon)

   It has a curse which improves the following skills: Devices: Evocations and
   Shapeshifting.
   Elements:  Fire Magic, Ice Magic, Air Magic and Earth Magic.
 p - the cursed +1 ring mail of the Tethered Elitism (worn) {Self, Elem}
   (You found it on level 1 of the Dungeon)

   It has a curse which improves the following skills: Introspection: Fighting
   and Spellcasting.
   Elements:  Fire Magic, Ice Magic, Air Magic and Earth Magic.
 x - the cursed +0 kite shield of Star-Bound Wisdom (worn) {Self, Comp}
   (You found it on level 3 of the Dungeon)

   It has a curse which improves the following skills: Introspection: Fighting
   and Spellcasting.
   Companions: Summonings and Necromancy.
 y - a +2 helmet
 M - +0 swamp dragon scales
 V - the cursed +1 hat of Cremastomancy (melded) {Range, Self}
   (You took it off Gastronok on level 9 of the Dungeon)

   It has a curse which improves the following skills: Ranged Combat: Ranged
   Weapons and Throwing.
   Introspection: Fighting and Spellcasting.
Jewellery
 l - the cursed ring of the Tethered Visionary (left hand) {Str+6, Self, Comp}
   (You took it off a hobgoblin on level 3 of the Dungeon)

   [ring of strength]

   Str+6:     It affects your strength (+6).
   It has a curse which improves the following skills: Introspection: Fighting
   and Spellcasting.
   Companions: Summonings and Necromancy.
 z - the cursed ring of Ashenzari's Mistrust (right hand) {rC+ Will+, Dev, Bglg}
   (You acquired it on level 11 of the Dungeon)

   [ring of willpower]

   rC+:       It protects you from cold.
   Will+:     It increases your willpower.
   It has a curse which improves the following skills: Devices: Evocations and
   Shapeshifting.
   Beguiling: Conjurations, Hexes and Translocations.
 I - the cursed amulet of the Visionary Sky (around neck) {Reflect rC+ Regen+ SH+5, Melee, Cun}
   (You found it on level 6 of the Dungeon)

   [amulet of reflection]

   Reflect:   It reflects blocked missile attacks.
   rC+:       It protects you from cold.
   Regen+:    It increases your rate of health regeneration.
   SH+5:      It affects your SH (+5).
   It has a curse which improves the following skills: Melee Combat: Short
   Blades, Long Blades, Axes, Maces & Flails, Polearms, Staves and Unarmed
   Combat.
   Cunning:   Dodging and Stealth.
Talismans
 s - a beast talisman (active)
Wands
 g - a wand of digging (2)
 k - a wand of light (17)
 A - a wand of charming (13)
 O - a wand of roots (6)
 P - a wand of polymorph (15)
Scrolls
 c - 3 scrolls of fog
 d - 2 scrolls of revelation
 e - 3 scrolls of fear
 t - 2 scrolls of poison
 u - 15 scrolls of identify
 v - a scroll of teleportation
 w - 3 scrolls of silence
 D - a scroll of torment
 F - 4 scrolls of amnesia
 G - a scroll of vulnerability
 H - 2 scrolls of immolation
 L - 2 scrolls of enchant weapon
 Q - 2 scrolls of blinking
 U - a scroll of summoning
Potions
 f - a potion of haste
 o - 7 potions of curing
 r - 2 potions of mutation
 C - 2 potions of ambrosia
 E - a potion of brilliance
 K - 2 potions of resistance


   Skills:
 + Level 10.7(14.8) Fighting
 + Level 9.6(11.8) Short Blades
 + Level 8.4(10.6) Long Blades
 + Level 8.4(10.6) Axes
 + Level 8.4(10.6) Maces & Flails
 + Level 8.4(10.6) Polearms
 + Level 8.4(10.6) Staves
 + Level 8.4 Ranged Weapons
 + Level 8.4 Throwing
 + Level 8.4 Armour
 + Level 9.6(12.8) Dodging
 + Level 12.6(15.7) Stealth
 + Level 8.4 Shields
 + Level 8.4(10.6) Unarmed Combat
 + Level 8.4(12.6) Spellcasting
 + Level 7.0(9.2) Conjurations
 + Level 7.0(9.2) Hexes
 + Level 7.0(11.2) Summonings
 + Level 7.0(11.2) Necromancy
 + Level 7.0(9.2) Translocations
 + Level 7.0 Transmutations
 + Level 7.0(9.2) Fire Magic
 + Level 7.0(9.2) Ice Magic
 + Level 7.0(9.2) Air Magic
 + Level 7.0(9.2) Earth Magic
 + Level 7.0 Poison Magic
 + Level 9.2 Invocations
 + Level 8.4(10.6) Evocations
 + Level 7.7(9.9) Shapeshifting


You had 14 spell levels left.
You knew the following spells:

 Your Spells              Type           Power      Damage    Failure   Level
a - Swiftness             Air            32%        N/A       1%          3
b - Airstrike             Air            16%        2d(3-19)  6%          4
c - Wereblood             Tmut           26%        N/A       2%          2
d - Summon Guardian Gole  Hex/Summ       34%        N/A       1%          3
e - Summon Ice Beast      Ice/Summ       34%        N/A       4%          4
f - Summon Mana Viper     Hex/Summ       34%        N/A       12%         5
h - Ensorcelled Hibernat  Hex/Ice        64%        N/A       1%          2

Your spell library contained the following spells:

 Spells                   Type           Power      Damage    Failure   Level
 Apportation              Tloc           64%        N/A       1%          1
 Shock                    Conj/Air       100%       1d9       1%          1
 Jinxbite                 Hex            64%        N/A       1%          2
 Dazzling Flash           Conj/Hex       64%        N/A       1%          3
 Hailstorm                Conj/Ice       32%        3d8       1%          3
 Tukima's Dance           Hex            32%        N/A       1%          3
 Petrify                  Tmut/Erth      29%        N/A       10%         4
 Metabolic Englaciation   Hex/Ice        16%        N/A       19%         5
 Silence                  Hex/Air        16%        N/A       19%         5
 Alistair's Intoxication  Tmut/Pois      17%        N/A       41%         5
 Simulacrum               Ice/Necr       17%        N/A       54%         6
 Spellforged Servitor     Conj/Summ      17%        N/A       98%         7
 Orb of Destruction       Conj           16%        9d7       99%         7
 Ozocubu's Refrigeration  Ice            16%        4d11      99%         7
 Polar Vortex             Ice            16%        12d2*     100%        9


Dungeon Overview and Level Annotations

Branches:
Dungeon (13/15)            Temple (1/1) D:6            Lair (0/5) D:11
    Orc (0/2) D:12
 Vaults: D:13-14

Altars:
Ashenzari
Cheibriados
Dithmenos
Elyvilon
Fedhas
Gozag
Hepliaklqana
Kikubaaqudgha
Makhleb
Nemelex Xobeh
Okawaru
Qazlal
Ru
Sif Muna
Trog
Uskayaw
Vehumet
Wu Jian
Xom
Yredelemnul
Zin
The Shining One

Shops:
D:3 !   D:4 (   D:7 ?

Annotations:
D:7 1 runed translucent door, gribnar's ghost, novice OpSh
D:9 1 runed translucent door, javelincjr's ghost, novice DsFi


Innate Abilities, Weirdness & Mutations

You are a hulking beast.
Your limbs bulge with bestial killing power. (Slay +4)
You have very sharp teeth.
Your uncanny sense of smell can sniff out nearby items.
Your experience applies equally to all skills.


Message History

The soul eater is moderately wounded.
The unseen horror closely misses you.
You hit the soul eater.
The soul eater is moderately wounded.
The unseen horror hits you!
* * * LOW HITPOINT WARNING * * *
The soul eater hits you!!
* * * LOW HITPOINT WARNING * * *
You feel much better.
The unseen horror hits you but does no damage.
The soul eater hits you!
* * * LOW HITPOINT WARNING * * *
A red film seems to cover your vision as you go berserk!
You feel yourself moving faster!
You feel mighty! You block the unseen horror's attack. The soul eater hits you!
* * * LOW HITPOINT WARNING * * *
You feel drained.
* * * LOW HITPOINT WARNING * * *
You hit the soul eater but do no damage.
The soul eater is moderately wounded.
The unseen horror hits your guardian golem!
You puncture the soul eater!
The soul eater is heavily wounded.
The unseen horror hits your guardian golem!
You block the soul eater's attack.
You barely miss the soul eater. You bite the soul eater.
The soul eater is heavily wounded.
You block the unseen horror's attack.
You hit the soul eater.
The soul eater is poisoned.
You bite the soul eater, but do no damage.
The soul eater is heavily wounded.
You block the unseen horror's attack. The soul eater misses you.
You puncture the unseen horror! You bite the unseen horror.
The unseen horror is severely wounded.
The unseen horror hits you.
* * * LOW HITPOINT WARNING * * *
You closely miss the soul eater.
The soul eater is heavily wounded.
You block the unseen horror's attack. The soul eater hits you!!
You die...

*,,, ,,....,##.##,....,,
*,,, ,,.....#...#.....,,
*,,, ,,,...{#...#...,,,,
*,,,,,,,,,∆.{§)☼.'.,,,,,,,
*∆∆,,,,,,,,,{#.°.#,,,,,,,,
*∆∆,,,,,,,,,,#☼§)#,,,,,,,,
*************#.).#********
#x39# ##h## ### ### #)##
*** ##.#### #.###))###.#*
...##.######.#.......#,*
####.#....##.#)##.###.#*
##.###.#.##......# *,*
##.## ##.......#### *,*
###.###.######## *,*****
.###.#.##### *,,,,,,


You could see a soul eater (summoned, very poisoned, ally target), an unseen
horror (invisible) and a friendly guardian golem (summoned).

Vanquished Creatures
  Gastronok (D:9)
  Snorg (D:10)
  A hydra (D:11)
  Erolcha (D:10)
  4 boulder beetles
  A two-headed ogre (D:10)
  Lodul (D:10)
  2 skeletal warriors (D:11)
  An orc knight (D:13)
  3 cyclopes
  2 manticores
  A gargoyle (D:11)
  An unseen horror (D:12)
  Maggie (D:7)
  2 komodo dragons
  Psyche (D:10)
  A kobold demonologist (D:11)
  4 trolls
  A hornet (D:11)
  2 shadows
  3 wraiths
  7 slime creatures (D:12)
  13 yaks
  A basilisk (D:11)
  3 steam dragons
  10 vampire mosquitoes
  Menkaure (D:7)
  4 wargs
  2 water moccasins
  3 acid dragons
  7 orc warriors
  17 ogres
  2 black bears
  An ice beast (D:6)
  A phantom (D:7)
  4 centaurs
  A boggart (D:11)
  4 kobold brigands (D:7)
  A bullfrog (D:7)
  3 gnoll sergeants
  3 scorpions
  21 killer bees
  11 howler monkeys
  12 hounds
  2 jellies
  7 orc priests
  4 sleepcaps
  3 iguanas
  19 orc wizards
  7 adders
  13 gnolls
  A shadow imp (D:6)
  An ufetubus (D:5)
  A worm (D:3)
  2 dart slugs
  29 orcs
  5 endoplasms
  3 giant cockroaches
  9 goblins
  11 hobgoblins
  3 jackals (D:2)
  11 kobolds
  A quokka (D:1)
  8 ball pythons
  8 bats
  3 frilled lizards
  4 rats
322 creatures vanquished.

Vanquished Creatures (collateral kills)
  An orc warlord (D:13)
  A hydra (D:13)
  Sonja (D:11)
  2 orc warriors (D:13)
5 creatures vanquished.

Vanquished Creatures (others)
  An orc knight (D:13)
  7 orc warriors (D:13)
  An orc priest (D:11)
  An orc wizard (D:13)
10 creatures vanquished.

Grand Total: 337 creatures vanquished

Notes
Turn   | Place    | Note
-------+----------+-------------------------------------------
     0 | D:5      | Reached skill level 9 in Stealth
     0 | D:5      | croobank the Gnoll Delver began the quest for the Orb.
     0 | D:5      | Reached XP level 1. HP: 23/23 MP: 1/1
    36 | D:6      | Noticed a hound
    45 | D:6      | Killed a hound
    46 | D:6      | Reached XP level 2. HP: 29/29 MP: 1/3
    46 | D:6      | Reached XP level 3. HP: 35/35 MP: 1/4
    90 | D:6      | Found a staircase to the Ecumenical Temple.
    99 | Temple   | Entered the Ecumenical Temple
   125 | Temple   | Became a worshipper of Ashenzari the Shackled
   209 | D:5      | Reached skill level 1 in Invocations
   343 | D:4      | Noticed a scorpion
   356 | D:4      | Killed a scorpion
   357 | D:4      | Reached skill level 1 in Long Blades
   357 | D:4      | Reached skill level 1 in Axes
   357 | D:4      | Reached skill level 1 in Maces & Flails
   357 | D:4      | Reached skill level 1 in Polearms
   357 | D:4      | Reached skill level 1 in Staves
   357 | D:4      | Reached skill level 1 in Ranged Weapons
   357 | D:4      | Reached skill level 1 in Throwing
   357 | D:4      | Reached skill level 1 in Armour
   357 | D:4      | Reached skill level 1 in Shields
   357 | D:4      | Reached skill level 1 in Unarmed Combat
   357 | D:4      | Reached skill level 1 in Spellcasting
   357 | D:4      | Reached skill level 1 in Conjurations
   357 | D:4      | Reached skill level 1 in Hexes
   357 | D:4      | Reached skill level 1 in Summonings
   357 | D:4      | Reached skill level 1 in Necromancy
   357 | D:4      | Reached skill level 1 in Translocations
   357 | D:4      | Reached skill level 1 in Transmutations
   357 | D:4      | Reached skill level 1 in Fire Magic
   357 | D:4      | Reached skill level 1 in Ice Magic
   357 | D:4      | Reached skill level 1 in Air Magic
   357 | D:4      | Reached skill level 1 in Earth Magic
   357 | D:4      | Reached skill level 1 in Poison Magic
   357 | D:4      | Reached skill level 1 in Evocations
   357 | D:4      | Reached skill level 1 in Shapeshifting
   357 | D:4      | Reached XP level 4. HP: 33/41 MP: 5/5
   681 | D:1      | Reached XP level 5. HP: 47/47 MP: 5/7
   775 | D:1      | Found a faded altar of an unknown god.
   777 | D:1      | Noticed a shining eye
   785 | D:1      | Noticed a great orb of eyes
   792 | D:1      | Noticed a great orb of eyes
   793 | D:1      | Noticed a great orb of eyes
  1690 | D:2      | Reached * piety under Ashenzari
  1761 | D:2      | Found a stormy altar of Qazlal.
  2532 | D:3      | Found Feorgh's Distillery.
  2551 | D:3      | Reached ** piety under Ashenzari
  2552 | D:3      | Bought a potion of heal wounds for 60 gold pieces
  2552 | D:3      | Bought a potion of curing for 36 gold pieces
  2552 | D:3      | Bought a potion of berserk rage for 60 gold pieces
  2802 | D:3      | Reached XP level 6. HP: 57/57 MP: 10/10
  2848 | D:3      | Reached skill level 5 in Short Blades
  2848 | D:3      | Reached skill level 5 in Dodging
  3544 | D:4      | Found Sinynich's Weapon Shop.
  3812 | D:5      | Reached XP level 7. HP: 48/63 MP: 12/12
  4050 | D:5      | Learned a level 3 spell: Swiftness
  4055 | D:5      | Learned a level 4 spell: Airstrike
  4138 | D:5      | Found a hazy altar of Hepliaklqana.
  4138 | D:5      | Found a snail-covered altar of Cheibriados.
  4269 | D:5      | Reached skill level 10 in Stealth
  4532 | D:5      | Identified the cursed +0 pair of boots of the Unyielding
                  | Gaze {Cun, Bglg} (You found it on level 2 of the Dungeon)
  4533 | D:5      | Reached *** piety under Ashenzari
  4668 | D:5      | Reached XP level 8. HP: 71/71 MP: 15/15
  4982 | D:6      | Identified a scroll of acquirement
  4993 | D:6      | Identified Sif Muna's Notes on Changed Hexes
  4997 | D:6      | Acquired the Disquisition on the Frore Maleficium
  5038 | D:6      | Identified the amulet "Feshraz" {Reflect rC+ Regen+ SH+5}
  5048 | D:6      | Reached **** piety under Ashenzari
  5057 | D:6      | Found a basalt altar of Yredelemnul.
  5343 | D:6      | Found a shadowy altar of Dithmenos.
  5669 | D:7      | Found a hide-covered altar of Uskayaw.
  5799 | D:7      | Reached XP level 9. HP: 79/79 MP: 18/18
  5802 | D:7      | Learned a level 2 spell: Wereblood
  5831 | D:7      | Found Zuonk's Magic Scroll Emporium.
  5839 | D:7      | Bought a scroll of revelation for 105 gold pieces
  5922 | D:7      | Found a burning altar of Makhleb.
  5979 | D:7      | Noticed gribnar's ghost (novice OpSh)
  5982 | D:7      | Found a runed translucent door.
  6021 | D:7      | Noticed Menkaure
  6047 | D:7      | Killed Menkaure
  6131 | D:7      | Identified the cursed +0 cloak of Ashenzari's Seer {Dev,
                  | Elem} (You found it on level 3 of the Dungeon)
  6353 | D:7      | Learned a level 2 spell: Ensorcelled Hibernation
  6360 | D:7      | Noticed Maggie
  6365 | D:7      | Killed Maggie
  6366 | D:7      | Reached skill level 5 in Invocations
  6750 | D:7      | Reached XP level 10. HP: 87/87 MP: 21/21
  6899 | D:7      | Reached skill level 5 in Long Blades
  6899 | D:7      | Reached skill level 5 in Axes
  6899 | D:7      | Reached skill level 5 in Maces & Flails
  6899 | D:7      | Reached skill level 5 in Polearms
  6899 | D:7      | Reached skill level 5 in Staves
  6899 | D:7      | Reached skill level 5 in Ranged Weapons
  6899 | D:7      | Reached skill level 5 in Throwing
  6899 | D:7      | Reached skill level 5 in Armour
  6899 | D:7      | Reached skill level 5 in Shields
  6899 | D:7      | Reached skill level 5 in Unarmed Combat
  6899 | D:7      | Reached skill level 5 in Spellcasting
  6899 | D:7      | Reached skill level 5 in Evocations
  7356 | D:7      | Reached skill level 11 in Stealth
  7491 | D:8      | Identified the +7 chain mail of Porode {rC- rN+++}
  7628 | D:8      | Reached skill level 5 in Shapeshifting
  7874 | D:8      | Found a blossoming altar of Fedhas.
  8295 | D:9      | Reached ***** piety under Ashenzari
  8324 | D:9      | Noticed Gastronok
  8345 | D:9      | Killed Gastronok
  8346 | D:9      | Reached skill level 5 in Conjurations
  8346 | D:9      | Reached skill level 5 in Hexes
  8346 | D:9      | Reached skill level 5 in Summonings
  8346 | D:9      | Reached skill level 5 in Necromancy
  8346 | D:9      | Reached skill level 5 in Translocations
  8346 | D:9      | Reached skill level 5 in Transmutations
  8346 | D:9      | Reached skill level 5 in Fire Magic
  8346 | D:9      | Reached skill level 5 in Ice Magic
  8346 | D:9      | Reached skill level 5 in Air Magic
  8346 | D:9      | Reached skill level 5 in Earth Magic
  8346 | D:9      | Reached skill level 5 in Poison Magic
  8346 | D:9      | Reached XP level 11. HP: 62/95 MP: 19/24
  8559 | D:9      | Found a runed translucent door.
  8559 | D:9      | Noticed javelincjr's ghost (novice DsFi)
  8730 | D:9      | Identified the cursed +0 hat "Gnostic Sophism" {Elem, Comp}
                  | (You found it on level 3 of the Dungeon)
  9153 | D:10     | Entered Level 10 of the Dungeon
  9233 | D:10     | Found a sparkling altar of Nemelex Xobeh.
  9258 | D:10     | Noticed Snorg
  9264 | D:10     | Killed Snorg
  9462 | D:10     | Noticed Lodul
  9549 | D:10     | Noticed a two-headed ogre
  9554 | D:10     | Killed a two-headed ogre
  9634 | D:10     | Killed Lodul
  9744 | D:10     | Found a glowing golden altar of the Shining One.
  9817 | D:10     | Noticed Psyche
  9820 | D:10     | Killed Psyche
  9984 | D:10     | Noticed Erolcha
  9991 | D:10     | Killed Erolcha
 10222 | D:11     | Noticed a manticore
 10232 | D:11     | Found a staircase to the Lair.
 10317 | D:11     | Noticed a five-headed hydra
 10325 | D:11     | Killed a five-headed hydra
 10344 | D:11     | Reached XP level 12. HP: 103/103 MP: 1/26
 10477 | D:11     | Acquired the ring of Momy {rC+ Will+}
 10664 | D:11     | Noticed a boulder beetle
 10667 | D:11     | Killed a boulder beetle
 10790 | D:11     | Reached skill level 12 in Stealth
 10827 | D:11     | Identified the amulet of the Cursing Gods {Reflect Dex+2
                  | SH+5}
 11052 | D:11     | Reached skill level 10 in Fighting
 11100 | D:11     | Noticed Sonja
 11109 | D:11     | Killed Sonja
 11675 | D:12     | Found a staircase to the Orcish Mines.
 11783 | D:12     | Noticed a boulder beetle
 11801 | D:12     | Killed a boulder beetle
 12040 | D:12     | Noticed a boulder beetle
 12051 | D:12     | Killed a boulder beetle
 12101 | D:12     | Reached XP level 13. HP: 111/111 MP: 28/28
 12864 | D:13     | Identified the cursed +1 hat of Cremastomancy {Range, Self}
                  | (You took it off Gastronok on level 9 of the Dungeon)
 12958 | D:13     | Learned a level 5 spell: Summon Mana Viper
 12962 | D:13     | Learned a level 3 spell: Summon Guardian Golem
 12967 | D:13     | Learned a level 4 spell: Summon Ice Beast
 13357 | D:13     | Noticed an orc warlord
 13391 | D:13     | Killed an orc warlord
 13650 | D:13     | HP: 7/165 [unseen horror (5)]
 13651 | D:13     | Mangled by a soul eater

Illustrated notes

Levels and vault maps discovered:
D:1:      dpeg_arrival_windows_large_door, layout_basic,
          hellmonk_ecumenical_altar_watching_god
D:2:      layout_basic, basic_altar
D:3:      layout_basic, serial_shops, shop, hellmonk_no_cap
D:4:      layout_cave_pods, serial_shops, nicolae_shop_pleasant_corner_grove
D:5:      layout_basic, gammafunk_temple_overflow_pools, grunt_ministairs_4,
          grunt_decor_junction, st_stairs_3, grunt_decor_mini_mirrors
D:6:      layout_rooms, grunt_dithmenos_shadows, mainiacjoe_overflow_24_doors,
          minmay_temple_entry_poolview, hex_medium
D:7:      lemuel_castle_with_subvaults [lemuel_castle_interior_carwin_1],
          layout_basic, mainiacjoe_overflow_chevrons,
          mainiacjoe_overflow_boulevard, hellmonk_ghost_happy_afterlife,
          serial_shops, shop, corexii_leaking_fountain, uniq_menkaure,
          uniq_maggie
D:8:      layout_loops_ring, nicolae_overflow_crystal_walls,
          serial_park_tiny_pond, minmay_fractal_squares_gapless_5
D:9:      layout_irregular_city, gammafunk_ghost_grave,
          nicolae_underground_beach, uniq_gastronok
D:10:     layout_roguey, lemuel_doored_altar, nemelex_diamond_rough_becter,
          nicolae_water_bricks, uniq_lodul, uniq_psyche, uniq_snorg,
          uniq_erolcha
D:11:     minmay_tri_box, layout_loops_ring, erik_lair_orcish_takeover,
          uniq_sonja
D:12:     layout_long_grid, orc_0_dummy, dreamdust_princess_bridge,
          minivault_25_ag
D:13:     orc_temple, layout_loops_cross, drop_trap, hangedman_decor_points
Temple:   nicolae_temple_bog_church

Skill      XL: |  1  2  3  4  5  6  7  8  9 10 11 12 13 |
---------------+----------------------------------------+-----
Stealth        | 10 11 12 | 12.6
Invocations    | 1 2 3 4 5 6 7 8 9 |  9.2
Long Blades    | 1 2 3 4 6 8 |  8.4
Axes           | 1 2 3 4 6 8 |  8.4
Maces & Flails | 1 2 3 4 6 8 |  8.4
Polearms       | 1 2 3 4 6 8 |  8.4
Staves         | 1 2 3 4 6 8 |  8.4
Ranged Weapons | 1 2 3 4 6 8 |  8.4
Throwing       | 1 2 3 4 6 8 |  8.4
Armour         | 1 2 3 4 6 8 |  8.4
Shields        | 1 2 3 4 6 8 |  8.4
Unarmed Combat | 1 2 3 4 6 8 |  8.4
Spellcasting   | 1 2 3 4 6 8 |  8.4
Conjurations   | 1 2 3 4 5 6 7 |  7.0
Hexes          | 1 2 3 4 5 6 7 |  7.0
Summonings     | 1 2 3 4 5 6 7 |  7.0
Necromancy     | 1 2 3 4 5 6 7 |  7.0
Translocations | 1 2 3 4 5 6 7 |  7.0
Transmutations | 1 2 3 4 5 6 7 |  7.0
Fire Magic     | 1 2 3 4 5 6 7 |  7.0
Ice Magic      | 1 2 3 4 5 6 7 |  7.0
Air Magic      | 1 2 3 4 5 6 7 |  7.0
Earth Magic    | 1 2 3 4 5 6 7 |  7.0
Poison Magic   | 1 2 3 4 5 6 7 |  7.0
Evocations     | 1 2 3 4 6 8 |  8.4
Shapeshifting  | 1 2 3 4 5 6 7 |  7.7
Short Blades   | 5 6 7 8 9 |  9.6
Dodging        | 5 6 7 8 9 |  9.6
Fighting       | 7 8 9 10 | 10.7

Action                     |  1- 3 |  4- 6 |  7- 9 | 10-12 | 13-15 || total
---------------------------+-------+-------+-------+-------+-------++-------
  Melee: Dagger            |    17 |   228 |   363 |   794 |   127 ||  1529
         Bite              |       |    30 |    46 |   134 |    21 ||   231
         Punch             |       |     5 |    12 |    45 |       ||    62
  Throw: Dart              |       |       |     9 |    10 |       ||    19
   Cast: Ensorcelled Hiber |       |       |     1 |     8 |       ||     9
         Swiftness         |       |       |     1 |     9 |       ||    10
         Airstrike         |       |       |       |    17 |     1 ||    18
         Wereblood         |       |       |       |     6 |     2 ||     8
         Summon Guardian G |       |       |       |       |    11 ||    11
         Summon Ice Beast  |       |       |       |       |     5 ||     5
         Summon Mana Viper |       |       |       |       |     4 ||     4
 Invoke: Curse Item        |       |     4 |     3 |     3 |     1 ||    11
         Shatter the Chain |       |       |       |     2 |       ||     2
  Evoke: Wand              |     1 |       |     1 |    15 |     4 ||    21
    Use: Scroll            |       |     7 |     1 |     5 |     1 ||    14
         Potion            |       |       |       |     9 |     3 ||    12
   Stab: Sleeping          |     1 |    26 |    13 |    21 |     5 ||    66
         Distracted        |       |       |     2 |     4 |       ||     6
         Invisible         |       |       |       |     5 |       ||     5
 Armour: Leather armour    |     6 |    41 |       |       |       ||    47
         Robe              |       |     3 |       |       |       ||     3
         Ring mail         |       |    36 |   131 |   230 |    41 ||   438
  Dodge: Dodged            |     6 |   122 |   166 |   271 |    33 ||   598
  Block: Other             |       |       |    53 |    87 |       ||   140
         Reflection        |       |       |       |     3 |     5 ||     8
         Kite shield       |       |       |       |   113 |    61 ||   174
   Form: Beast             |       |     2 |     1 |     2 |     1 ||     6
                           |       |     1 |     2 |     1 |     1 ||     5

Table legend: (Time is in decaauts)
 A = Elapsed time spent in this place.
 B = Non-inter-level travel time spent in this place.
 C = Inter-level travel time spent in this place.
 D = Time resting spent in this place.
 E = Time spent auto-exploring this place.
 F = Levels seen in this place.
 G = Mean time per level.
                   A        B        C        D        E       F      G
               +--------+--------+--------+--------+--------+-----+--------+
         Total |  13092 |  12703 |    389 |   1711 |   7260 |  14 |  935.1 |
       Dungeon |  13044 |  12696 |    348 |   1711 |   7260 |  13 | 1003.4 |
        Temple |     48 |      7 |     41 |      0 |      0 |   1 |   48.0 |
               +--------+--------+--------+--------+--------+-----+--------+

Top non-repeatable levels by time:
     D:7: 1869 daAuts
    D:11: 1288 daAuts
     D:5: 1199 daAuts
    D:12: 1094 daAuts
    D:10: 1020 daAuts
     D:4: 916 daAuts
     D:3: 914 daAuts
    D:13: 849 daAuts
     D:8: 833 daAuts
     D:2: 827 daAuts
     D:9: 819 daAuts
     D:1: 801 daAuts
     D:6: 609 daAuts
  Temple: 48 daAuts
